 Dungeon Crawl Stone Soup version 0.31-a0-167-g1c394c0614 (webtiles) character file.

Game seed: 4695568037272658536

264 Hubris850 the Ruffian (level 5, 0/75 HPs)
             Began as a Troll Berserker on June 14, 2023.
             Was a Priest of Trog.
             Slain by a sleepcap (5 damage)
             ... on level 4 of the Dungeon.
             The game lasted 00:03:35 (1497 turns).

Hubris850 the Ruffian (Troll Berserker)             Turns: 1497, Time: 00:03:35

Health: 0/75       AC:  4    Str: 27    XL:     5   Next: 98%
Magic:  4/4        EV: 10    Int:  3    God:    Trog [***...]
Gold:   194        SH:  0    Dex:  9    Spells: 4/4 levels left

rFire   . .          .
                       - Unarmed
rCold   . . .        (no shield)
rNeg    . . .        a - +0 animal skin
rPois   .            (helmet restricted)
rElec   .            (no cloak)
rCorr   .            (gloves unavailable)
SInv    .            (boots unavailable)
Will    .....        i - amulet of regeneration Stlth
                     (no ring)
HPRegen 1.92/turn    (no ring)
MPRegen 0.09/turn

%: no passive effects
@: berserking, very quick
A: large, unfitting armour, claws 3, regeneration 1, shaggy fur 1, tough skin 1
a: Renounce Religion, Berserk, Trog's Hand


You were on level 4 of the Dungeon.
You worshipped Trog.
Trog was most pleased with you.
You visited 1 branch of the dungeon, and saw 4 of its levels.

You collected 194 gold pieces.

Inventory:

Hand Weapons
 f - a +2 heavy great sword
 j - a +0 war axe
 l - a +0 broad axe
Armour
 a - a +0 animal skin (worn)
Jewellery
 d - an amulet of guardian spirit
 i - an amulet of regeneration (around neck)
Scrolls
 c - 2 scrolls of revelation {unknown}
 h - 2 scrolls of fear {unknown}
 k - a scroll of fog {unknown}
 n - a scroll of identify {unknown}
Potions
 b - a potion of invisibility {unknown}
 e - a potion of curing {unknown}
 g - a potion of berserk rage {unknown}
 m - a potion of might {unknown}


   Skills:
 - Level 2.4 Fighting
 - Level 2.4 Dodging
 + Level 6.7 Unarmed Combat


You had 4 spell levels left.
You didn't know any spells.
Your spell library contained the following spells:

 Spells                   Type           Power      Damage    Failure   Level
 Lesser Beckoning         Tloc           0%         N/A       67%         2
 Scorch                   Fire           0%         2d5       67%         2
 Gell's Gravitas          Tloc           0%         N/A       88%         3
 Teleport Other           Tloc           0%         N/A       88%         3
 Flame Wave               Conj/Fire      0%         2d4       99%         4
 Summon Cactus Giant      Summ           0%         N/A       100%        6


Dungeon Overview and Level Annotations

Branches:
Dungeon (4/15)
 Temple: D:4-7

Altars:
Dithmenos


Innate Abilities, Weirdness & Mutations

You are too large for most types of armour.
You have claws for hands.
Your natural rate of healing is unusually fast.
You are covered in fur. (AC +1)
You have tough skin. (AC +1)


Message History

You closely miss the orc.
The orc is almost dead.
The orc priest barely misses you. The orc hits you but does no damage.
You barely miss the orc. You claw the orc.
You kill the orc!
Trog accepts your kill.
The orc priest hits you from afar with a +0 trident.
* * * LOW HITPOINT WARNING * * *
The orc hits you with a +0 short sword.
* * * LOW HITPOINT WARNING * * *
You claw the orc!
You kill the orc!
Trog accepts your kill.
You mangle the orc!!
You kill the orc!
Trog accepts your kill. The orc priest barely misses you.
You mangle the orc priest!!
You kill the orc priest!
Trog accepts your kill.
The orc priest hits you with a +0 trident.
* * * LOW HITPOINT WARNING * * *
The sleepcap releases spores at you but does no damage.
The orc hits you with a +0 whip.
* * * LOW HITPOINT WARNING * * *
Items here: ( )) [[ ††.
Unknown command.
You claw the orc priest!
The orc priest is severely wounded.
You claw the orc priest!
You kill the orc priest!
Trog accepts your kill. The orc hits you with a +0 whip.
* * * LOW HITPOINT WARNING * * *
The sleepcap releases spores at you but does no damage.
You mangle the orc!!
You kill the orc!
Trog accepts your kill. The sleepcap releases spores at you.
You die...

..###. #..#..
#.....# ## .......
.# ....... .#
..._..[## #.#
......))##..#
......f@))..# ..
#.....##.)..# #.
#..#.. ##.#.# .# .
##..##.#.##.# .
##.........# ...
#......†...#
##..#.#
......##...###...#
.. .#..##
##..##..# #.# ...#
##....# ..


You could see a sleepcap.

Vanquished Creatures
  A howler monkey (D:4)
  4 orc priests (D:4)
  4 adders (D:2)
  A white imp (D:3)
  A worm (D:2)
  5 orcs (D:4)
  9 bats
  3 endoplasms
  2 giant cockroaches
  6 goblins
  4 hobgoblins
  5 jackals
  A quokka (D:3)
  6 ball pythons
  2 frilled lizards
  6 kobolds
  4 rats
64 creatures vanquished.

Notes
Turn   | Place    | Note
-------+----------+-------------------------------------------
     0 | D:1      | Hubris850 the Troll Berserker began the quest for the Orb.
     0 | D:1      | Reached XP level 1. HP: 22/22 MP: 0/0
   109 | D:1      | Reached XP level 2. HP: 29/29 MP: 1/1
   329 | D:1      | Reached ** piety under Trog
   330 | D:1      | Reached skill level 4 in Unarmed Combat
   482 | D:2      | Reached XP level 3. HP: 34/36 MP: 2/2
   654 | D:2      | Reached skill level 5 in Unarmed Combat
   654 | D:2      | Reached XP level 4. HP: 44/44 MP: 3/3
   737 | D:2      | Found a faded altar of an unknown god.
  1477 | D:4      | Reached XP level 5. HP: 50/50 MP: 4/4
  1480 | D:4      | Found a shadowy altar of Dithmenos.
  1486 | D:4      | Reached skill level 6 in Unarmed Combat
  1497 | D:4      | Reached *** piety under Trog
  1497 | D:4      | Slain by a sleepcap

Illustrated notes

Levels and vault maps discovered:
D:1:      elethiomel_arrival_shortcut, layout_rooms,
          chequers_serial_rivers_small_a
D:2:      layout_rooms, hellmonk_ecumenical_altar_dog_temple
D:3:      layout_basic, kennysheep_generic_room_10
D:4:      layout_layer_cave, nicolae_dithmenos_shadow_blocks, uniq_edmund

Skill      XL: |  1  2  3  4  5 |
---------------+----------------+-----
Unarmed Combat | 4 5 6 |  6.7
Fighting       | |  2.4
Dodging        | |  2.4

Action                     |  1- 3 |  4- 6 || total
---------------------------+-------+-------++-------
  Melee: Unarmed           |    91 |    60 ||   151
         Punch             |       |     2 ||     2
 Invoke: Berserk           |       |     1 ||     1
   Stab: Sleeping          |       |     1 ||     1
 Armour: Animal skin       |    50 |    14 ||    64
  Dodge: Dodged            |    51 |    29 ||    80

Table legend: (Time is in decaauts)
 A = Elapsed time spent in this place.
 B = Non-inter-level travel time spent in this place.
 C = Inter-level travel time spent in this place.
 D = Time resting spent in this place.
 E = Time spent auto-exploring this place.
 F = Levels seen in this place.
 G = Mean time per level.
                   A        B        C        D        E       F      G
               +--------+--------+--------+--------+--------+-----+--------+
         Total |   1479 |   1420 |     59 |      0 |   1091 |   4 |  369.8 |
       Dungeon |   1479 |   1420 |     59 |      0 |   1091 |   4 |  369.8 |
               +--------+--------+--------+--------+--------+-----+--------+

Top non-repeatable levels by time:
     D:3: 512 daAuts
     D:1: 461 daAuts
     D:2: 441 daAuts
     D:4: 63 daAuts
